AoeStats
← [Massa] Edo

Lombardia

510236649Analyzed
3v3 RM · 1d ago on Sep 30, 2026· 42m 9s· 6 players
Game mode
Random Map
Map size
Normal (6 player)
Population
200
Speed
Normal
Resources
Standard
Victory
Conquest
Starting age
Dark Age
Ending age
Imperial Age
RankedLock teamsTeams togetherTeam positionsShared explorationLock speedFull tech treeHidden civsTurbo modeCheats
Victory
Defeat
🇦🇷 Berbers · Argentina
1432
+16
🇧🇷 Britons · Brazil
1399
+18
🇺🇸 Huns · United States
1313
+21
🇺🇸 Varangians · United States
1475
-20
🇧🇷 Mongols · Brazil
1425
-18
🇧🇷 Saxons · Brazil
1408
-17
Vhl.FalconKing
7:20 Loom
10:01 Feudal Age
15:29 Fletching
16:24 Padded Archer Armor
18:54 Double-Bit Axe
22:53 Castle Age
21:05 Horse Collar
23:06 Crossbowman
24:12 Bodkin Arrow
25:35 Ballistics
28:39 Heavy Plow
29:15 Leather Archer Armor
33:23 Bow Saw
38:10 Imperial Age
36:11 Yeomen
37:25 Wheelbarrow
38:45 Hand Cart
38:16 Arbalester
39:58 Chemistry
39:00 Bracer
39:31 Ring Archer Armor
38:55 Gold Mining
39:22 Warwolf
CansadoTarde
6:55 Loom
9:01 Feudal Age
10:08 Double-Bit Axe
10:10 Horse Collar
18:31 Castle Age
17:40 Forging
17:59 Bloodlines
19:41 Bow Saw
21:09 Iron Casting
20:04 Light Cavalry
23:00 Heavy Plow
26:15 Wheelbarrow
25:58 Stone Mining
26:01 Fletching
26:49 Bodkin Arrow
27:31 Padded Archer Armor
28:51 Hand Cart
28:53 Gold Mining
29:50 Stone Shaft Mining
29:32 Leather Archer Armor
29:19 Husbandry
29:23 Kasbah
33:40 Imperial Age
32:02 Ballistics
32:11 Thumb Ring
32:20 Town Watch
33:13 Gold Shaft Mining
33:43 Elite Camel Archer
34:25 Bracer
34:56 Ring Archer Armor
33:48 Elite Genitour
35:32 Chemistry
34:39 Siege Engineers
34:46 Town Patrol
35:48 Conscription
35:31 Maghrebi Camels
40:59 Masonry
petarded
8:12 Loom
10:15 Feudal Age
12:28 Horse Collar
12:39 Double-Bit Axe
17:18 Castle Age
17:52 Fletching
18:26 Gold Mining
19:45 Bow Saw
21:17 Wheelbarrow
21:52 Bodkin Arrow
24:08 Heavy Plow
25:07 Bloodlines
24:53 Town Watch
25:53 Husbandry
31:23 Hand Cart
31:57 Ballistics
34:36 Padded Archer Armor
37:08 Imperial Age
37:20 Thumb Ring
38:36 Heavy Cavalry Archer
39:41 Parthian Tactics
40:03 Bracer
40:32 Parthian Tactics
40:59 Light Cavalry
41:22 Heavy Cavalry Archer
41:27 Light Cavalry
42:15 Scale Barding Armor
42:20 Forging
42:28 Leather Archer Armor
[Massa] Edo
10:54 Feudal Age
14:30 Castle Age
12:43 Double-Bit Axe
12:40 Horse Collar
15:39 Bow Saw
16:41 Loom
23:16 Fervor
24:09 Wheelbarrow
24:08 Heavy Plow
23:59 Gold Mining
24:00 Stone Mining
25:21 Fletching
29:24 Imperial Age
27:19 Nomads
27:57 Gold Shaft Mining
28:38 Stone Shaft Mining
29:57 Hand Cart
30:11 Scale Barding Armor
30:17 Forging
30:46 Conscription
32:15 Hand Cart
32:59 Chain Barding Armor
33:15 Iron Casting
33:48 Ballistics
34:40 Chemistry
34:16 Siege Engineers
35:13 Chemistry
33:56 Heavy Scorpion
35:11 Husbandry
35:22 Bloodlines
34:32 Light Cavalry
36:15 Blast Furnace
35:25 Hussar
36:32 Drill
36:33 Bodkin Arrow
38:01 Caravan
tg
5:58 Loom
8:23 Feudal Age
10:17 Double-Bit Axe
10:22 Horse Collar
19:19 Castle Age
18:00 Fletching
18:10 Padded Archer Armor
19:57 Bloodlines
19:43 Gold Mining
20:50 Bow Saw
22:04 Heavy Plow
23:28 Gold Shaft Mining
23:45 Husbandry
25:34 Wheelbarrow
25:03 Stone Mining
25:59 Bodkin Arrow
31:03 Hand Cart
33:50 Imperial Age
32:01 Scale Mail Armor
34:05 Chain Mail Armor
34:33 Bracer
34:04 Elite Hearth Troop
35:19 Plate Mail Armor
34:14 Shield Wall
35:15 Conscription
34:21 Shield Wall
36:15 Squires
37:22 Forging
39:13 Two-Man Saw
39:26 Leather Archer Armor
39:33 Ballistics
41:14 Ring Archer Armor
40:07 Light Cavalry
40:53 Scale Barding Armor
42:42 Crop Rotation
41:59 Hussar
el_Feist
9:04 Feudal Age
8:10 Loom
11:46 Horse Collar
13:54 Bloodlines
16:53 Wheelbarrow
19:14 Scale Barding Armor
24:44 Castle Age
23:05 Gold Mining
23:06 Stone Mining
26:00 Chain Barding Armor
25:43 Double-Bit Axe
26:20 Forging
25:53 Light Cavalry
28:45 Bow Saw
29:59 Iron Casting
31:42 Fletching
34:13 Bodkin Arrow
36:56 Hand Cart
Connection lost

Rejoining the realm…

Still unreachable

The connection could not be restored.

Session expired

The server has moved on; the page needs a fresh start.